 Dungeon Crawl Stone Soup version 0.31.0-9-g3a7656b989 (webtiles) character file.

Game seed: 3213796023995672502

25 qw the Shooter (level 2, 0/14 HPs)
             Began as a Spriggan Hunter on Feb 2, 2024.
             Slain by a rat (2 damage)
             ... on level 1 of the Dungeon.
             The game lasted 00:00:01 (318 turns).

qw the Shooter (Spriggan Hunter)                     Turns: 318, Time: 00:00:01

Health: 0/14       AC:  2    Str:  7    XL:     2   Next: 82%
Magic:  3/3        EV: 19    Int: 10    God:
Gold:   73         SH:  0    Dex: 18    Spells: 1/1 levels left

rFire   . . .        a - +0 shortbow
rCold   . . .        (shield currently unavailable)
rNeg    . . .        c - +0 robe
rPois   .            (helmet restricted)
rElec   .            (no cloak)
rCorr   .            (gloves unavailable)
SInv    +            (boots unavailable)
Will    .....        (no amulet)
Stlth   ++           (no ring)
HPRegen 0.22/turn    (no ring)
MPRegen 0.08/turn

%: no passive effects
@: very quick
A: very small, no large weapons, unfitting armour, see invisible, speed 3
a: no special abilities


You were on level 1 of the Dungeon.
You visited 1 branch of the dungeon, and saw 1 of its levels.

You collected 73 gold pieces.


Innate Abilities, Weirdness & Mutations

You are very small and have problems with some larger weapons.
You are too small for most types of armour.
You have supernaturally acute eyesight. (SInv)
You cover ground extremely quickly. (Speed+++)


   Skills:
 - Level 1.5 Fighting
 + Level 4.3 Ranged Weapons
 - Level 4.0 Dodging
 - Level 1.5 Stealth


You had one spell level left.
You didn't know any spells.
Your spell library was empty.

Inventory:

Hand Weapons
 a - a +0 shortbow (weapon)
Armour
 c - a +0 robe (worn)
Jewellery
 f - a +5 ring of evasion
Scrolls
 b - a scroll of butterflies
 e - a scroll of identify {unknown}
Potions
 d - a potion of ambrosia {unknown}

Dungeon Overview and Level Annotations

Branches:
Dungeon (1/15)

Altars:


Message History

You kill the rat!
The hobgoblin completely misses you.
You shoot an arrow.
The arrow closely misses the ball python.
The endoplasm barely misses you. The hobgoblin misses you.
The ball python closely misses you. The ball python misses you.
You shoot an arrow. The arrow hits the ball python.
You kill the ball python!
The endoplasm misses you. The hobgoblin misses you.
You shoot an arrow. The arrow hits the endoplasm.
The endoplasm is lightly wounded.
The endoplasm freezes you.
You are frozen.
The frilled lizard barely misses you. The hobgoblin barely misses you.
The endoplasm completely misses you. The frilled lizard barely misses you.
The hobgoblin misses you.
You shoot an arrow. The arrow hits the endoplasm!
You kill the endoplasm!
The hobgoblin misses you. The frilled lizard closely misses you.
You shoot an arrow. The arrow hits the kobold.
The kobold is moderately wounded.
The kobold hits you with a +0 short sword.
The hobgoblin completely misses you.
The frilled lizard completely misses you.
You shoot an arrow. The arrow hits the kobold.
You kill the kobold!
The frilled lizard barely misses you. The hobgoblin closely misses you.
You shoot an arrow. The arrow hits the hobgoblin.
The hobgoblin is severely wounded.
The frilled lizard closely misses you. The rat misses you.
The hobgoblin misses you.
You shoot an arrow. The arrow hits the hobgoblin.
The hobgoblin is almost dead.
The frilled lizard closely misses you. The rat barely misses you.
The hobgoblin barely misses you. The frilled lizard closely misses you.
The rat bites you. The hobgoblin hits you.
You shoot an arrow.
The arrow hits the hobgoblin but does no damage.
The hobgoblin is almost dead.
The frilled lizard bites you. The rat bites you.
You die...

...# .#### .#........... ....##
........... .##..# ......"....
###''### ......... #¤~.¤~¤###
###........ ¤¤~..¤~¤~###......#..
~#~..~#¤¤~# #..rgl#.# #.
¤¤~¤.¤¤¤¤¤## #!@.#.## #.
¤~¤..¤¤¤~~~# #......#### #..# #.
¤¤#¤¤#~~~~~####.........###..###.
~~#..#~~#¤~#......)..##.#.#.#.##.
~¤#><#~~~¤~##.#.#.#.###.>...)..#.
~ ####¤~¤¤~##.#.#.#.# #.#.#.#.##.
~¤¤~##.#.#.#.# #....).....
~~##........###.#.#.#.#%.
###........(....%....


You could see a hobgoblin, a frilled lizard and a rat.

Vanquished Creatures
  A dart slug (D:1)
  2 endoplasms (D:1)
  A giant cockroach (D:1)
  A goblin (D:1)
  A hobgoblin (D:1)
  4 jackals (D:1)
  2 ball pythons (D:1)
  2 frilled lizards (D:1)
  5 kobolds (D:1)
  A rat (D:1)
20 creatures vanquished.

Notes
Turn   | Place    | Note
-------+----------+-------------------------------------------
     0 | D:1      | qw the Spriggan Hunter began the quest for the Orb.
     0 | D:1      | Reached XP level 1. HP: 10/10 MP: 2/2
     0 | D:1      | 0 ||| qw: Version: 0.3-a-155-g5e7d8dd
     0 | D:1      | 0 ||| qw: Game counter: 2596
     0 | D:1      | 0 ||| qw: Melee chars always use a shield: true
     0 | D:1      | 0 ||| qw: God list: Okawaru
     0 | D:1      | 0 ||| qw: Allow faded altars: false
     0 | D:1      | 0 ||| qw: Do Orc after clearing Dungeon:15 true
     0 | D:1      | 0 ||| qw: Do second Lair branch before Depths: true
     0 | D:1      | 0 ||| qw: Lair rune preference: random
     0 | D:1      | 0 ||| qw: Goals: Normal
     0 | D:1      | 0 ||| PLANNING D:1-11
    75 | D:1      | Reached skill level 3 in Dodging
   174 | D:1      | Reached XP level 2. HP: 14/14 MP: 3/3
   317 | D:1      | HP: 2/14 [hobgoblin (2)]
   318 | D:1      | Slain by a rat

Levels and vault maps discovered:
D:1:      lightli_molten_gateway, layout_loops_ring, st_stairs_8

Skill      XL: |  1  2 |
---------------+-------+-----
Dodging        | 3 4 |  4.0
Fighting       | |  1.5
Ranged Weapons | |  4.3
Stealth        | |  1.5

Action                     || total
---------------------------++-------
   Fire: Shortbow          ||    60
 Armour: Robe              ||    12
  Dodge: Dodged            ||    49

Table legend:
 A = Non-vault XP
 B = Vault XP
 C = Vault XP percentage of total XP
 D = Non-vault monster count
 E = Vault monster count
 F = Vault count percentage of total count
                 A         B        C        D         E       F
            +---------+---------+-------+---------+---------+-------
      Total |      34 |       2 |   5.6 |      19 |       1 |   5.0
            +---------+---------+-------+---------+---------+-------
        D:1 |      34 |       2 |   5.6 |      19 |       1 |   5.0
            +---------+---------+-------+---------+---------+-------
